cohdb
Replays
Latest Replays
All Replays
Popular Replays
Top Player Replays
Match Explorer
How It Works
Community
CoH3 Stats
Reddit
Sign in to upload your games and track your stats! →
Sign in with Steam
Match 41456674
Unlisted
Match 41456674
Overview
Messages
Build Orders
End
Panzergrenadier Squad
250 Light Carrier
Panzergrenadier Squad
Construct Light Support Kompanie
MG34 Team
Selects Panzerjäger Kommand Battlegroup
Selects Mine Fields
Construct Mechanized Kompanie
Panzerjäger Mechanized Group
Selects Tank Busters
8 Rad Armored Car
Selects Defensive Positions
2.5-tonne Medical Truck
Veteran Squad Leaders
Panzerpioneer Squad
Assault Mechanized Group
Construct Panzerarmee Kommand
Tungsten Core Ammunition
Selects Butterfly Bomb Drop
Selects Crew Shock Tactics
Panzer III L Medium Tank
Emergency Repair Kits
Panzer III L Medium Tank
Rapid Advance
Selects Anti-tank Overwatch
Sad Grainy Clown
Tanith's Finest
0
0
Comments
sign in to comment!
No comments posted yet!